 Dungeon Sprint DCSS version 0.17-a0-2007-g96ac4c4 (webtiles) character file.

136 Ordine the Ruffian (level 4, 9/79 HPs)
             Began as a Troll Berserker on Oct 9, 2015.
             Was a Priest of Trog.
             Quit the game in the Dungeon (Sprint III: "The Ten Rune Challenge").
             The game lasted 00:02:50 (218 turns).

Ordine the Ruffian (Troll Berserker)                 Turns: 218, Time: 00:02:50

Health: 9/79       AC:  6    Str: 30    XL:     4   Next: 98%
Magic:  3/3        EV: 10    Int:  3    God:    Trog [***...]
Gold:   0          SH:  0    Dex: 10    Spells: 0 memorised, 3 levels left

rFire  . . .     SeeInvis .       - Unarmed
rCold  . . .     Clarity  .     a - +0 animal skin
rNeg   . . .     SustAt   .     (no shield)
rPois  .         Gourm    +     (helmet restricted)
rElec  .         Spirit   .     i - +0 cloak
rCorr  .         Warding  .     (gloves unavailable)
rMut   .         NoTele   +     (boots unavailable)
MR     .....                    (no amulet)
Stlth  ..........               (no ring)
                                (no ring)

@: berserking (expiring), mildly poisoned (9 -> 6), drained, very quick, not
resistant to hostile enchantments, extremely unstealthy
A: unfitting armour, claws 3, fast metabolism 3, gourmand, regeneration 2,
shaggy fur 1, tough skin 2
a: Burn Spellbooks, Berserk, Trog's Hand, Renounce Religion


You were in the Dungeon.
You worshipped Trog.
Trog was most pleased with you.
You were very full.

You visited 1 branch

Inventory:

Armour
 a - a +0 animal skin (worn)
 i - a +0 cloak (worn)
Scrolls
 h - a scroll of blinking
Potions
 c - 3 potions of curing
 e - a potion of haste
 f - 2 potions of magic
 g - a potion of berserk rage
Comestibles
 b - 2 bread rations


   Skills:
 + Level 6.3(5.8) Fighting
 - Level 2.4(1.9) Dodging
 + Level 7.6(7.0) Unarmed Combat


You had 3 spell levels left.
You didn't know any spells.

Dungeon Overview and Level Annotations

Branches:
Dungeon (1/1)

Altars:
Kikubaaqudgha
Sif Muna
Vehumet


Innate Abilities, Weirdness & Mutations

You are too large for most types of armour.
You have claws for hands.
Your metabolism is lightning-fast.
You like to eat raw meat.
You heal very quickly.
You are covered in fur (AC +1).
You have very tough skin (AC +2).


Message History

You barely miss the soul eater.
The soul eater is almost dead.
The ufetubus hits you but does no damage. x2
You claw the soul eater!
The soul eater is almost dead.
The kobold demonologist mumbles some strange words.
The red devil hits you from afar with a demon trident of venom!
* * * LOW HITPOINT WARNING * * *
You are poisoned.
The ufetubus hits you.
* * * LOW HITPOINT WARNING * * *
The ufetubus closely misses you. The soul eater hits you!
* * * LOW HITPOINT WARNING * * *
Unknown command.
Unknown command.
Unknown command.
Unknown command.
Unknown command.
You feel sick.
Are you sure you want to abandon this character and quit the game? (Confirm with "yes".)

# +...♣♣♣ ♣.# # #.....♣♣
♣.# ####....♣.♣ ♣♣.#
...#....≈♣♣♣♣..###+#+###
...#...≈≈♣♣..♣.#........
...#..≈≈≈≈♣.♣..'.⌠......
##'#..≈≈≈≈)≈...#...#####
.÷.#.≈≈≈≈≈≈....#.⌠.#
...#.≈≈≈≈≈.....#@..#
...#.≈≈≈.......#5###
####...........#3K:#
...............#_34#
▓▓▓▓▓▓▓▓▓▓▓▓▓▓▓▓▓▓▓▓


You could see a soul eater, a kobold demonologist, a chaos spawn, a red devil
and an ufetubus.

Vanquished Creatures
  A water elemental (D)
  Crazy Yiuf (D)
  A wizard (D)
  A human (D)
  An ooze (D)
  3 rats (D)
8 creatures vanquished.

Vanquished Creatures (others)
  A yaktaur (D)
1 creature vanquished.

Grand Total: 9 creatures vanquished

Notes
Turn   | Place    | Note
--------------------------------------------------------------
     0 | D        | Ordine the Troll Berserker began the quest for the Orb.
     0 | D        | Reached XP level 1. HP: 22/22 MP: 0/0
    20 | D        | Acquired Trog's second power
    24 | D        | Reached skill level 4 in Unarmed Combat
    37 | D        | Killed a yaktaur
    65 | D        | Reached skill level 5 in Unarmed Combat
    65 | D        | Reached XP level 2. HP: 12/32 MP: 1/1
    68 | D        | Noticed Crazy Yiuf
    74 | D        | HP: 1/32 [Crazy Yiuf/quarterstaff of chaos (16)]
    81 | D        | Killed Crazy Yiuf
    81 | D        | Reached XP level 3. HP: 22/41 MP: 2/2
   195 | D        | Noticed a water elemental
   198 | D        | Killed a water elemental
   198 | D        | Reached skill level 6 in Fighting
   198 | D        | Reached skill level 7 in Unarmed Combat
   198 | D        | Reached XP level 4. HP: 48/52 MP: 3/3
   204 | D        | Found a radiant altar of Vehumet.
   204 | D        | Found a deep blue altar of Sif Muna.
   204 | D        | Found an ancient bone altar of Kikubaaqudgha.
   204 | D        | Noticed a wizard
   207 | D        | Noticed a soul eater
   209 | D        | Killed a wizard
   209 | D        | Received a gift from Trog
   215 | D        | Noticed a red devil
   217 | D        | Noticed a chaos spawn
   218 | D        | Quit the game

Vault maps used:
D:        dungeon_sprint_mu

Action                   |  1- 3 |  4- 6 || total
-------------------------+-------+-------++-------
Melee: Unarmed           |    33 |    10 ||    43
Invok: Berserk           |       |     1 ||     1
  Use: Potion            |     1 |       ||     1
  Eat: Chunk             |     6 |       ||     6
